 Dungeon Crawl Stone Soup version 0.30-a0-964-gd452b5e7fa (webtiles) character file.

Game seed: 17644513887167917984

2 MachoJfn the Caller (level 1, 0/10 HPs)
             Began as a Deep Elf Summoner on Mar 30, 2023.
             Slain by a kobold
             ... wielding a +0 short sword of electrocution
              (4 damage)
             ... on level 1 of the Dungeon.
             The game lasted 00:01:33 (133 turns).

MachoJfn the Caller (Deep Elf Summoner)              Turns: 133, Time: 00:01:34

Health: 0/10       AC:  2    Str:  5    XL:     1   Next: 25%
Magic:  1/6        EV:  9    Int: 19    God:
Gold:   0          SH:  0    Dex: 15    Spells: 5/6 levels left

rFire   . . .      SeeInvis .    (no weapon)
rCold   . . .      Faith    .    (no shield)
rNeg    . . .      Spirit   .    a - +0 robe
rPois   .          Reflect  .    (no helmet)
rElec   .          Rampage  .    (no cloak)
rCorr   .                        (no gloves)
Will    .....                    (no boots)
Stlth   ++                       (no amulet)
HPRegen 0.21/turn                (no ring)
MPRegen 0.10/turn                (no ring)

@: constricted
A: no striking features
a: no special abilities


You were on level 1 of the Dungeon.
You visited 1 branch of the dungeon, and saw 1 of its levels.

Inventory:

Armour
 a - a +0 robe (worn)
Potions
 b - a potion of magic


   Skills:
 + Level 2.4 Dodging
 + Level 2.4 Stealth
 + Level 3.1 Spellcasting
 + Level 4.4 Summonings


You had 5 spell levels left.
You knew the following spells:

 Your Spells              Type           Power      Damage    Failure   Level
a - Summon Small Mammal   Summ           76%        N/A       2%          1

Your spell library contained the following spells:

 Spells                   Type           Power      Damage    Failure   Level
 Call Imp                 Summ           19%        N/A       3%          2
 Call Canine Familiar     Summ           19%        N/A       8%          3
 Summon Guardian Golem    Hex/Summ       11%        N/A       19%         3
 Summon Lightning Spire   Summ/Air       11%        N/A       52%         4


Dungeon Overview and Level Annotations

Branches:
Dungeon (1/15)

Altars:


Message History

Your bat's corpse disappears in a puff of smoke!
Your quokka barely misses the frilled lizard.
The frilled lizard bites your quokka but does no damage.
Your quokka completely misses the frilled lizard.
Your quokka barely misses the frilled lizard.
The frilled lizard misses your quokka.
Your quokka bites the frilled lizard.
The frilled lizard dies!
Your quokka completely misses the kobold.
The kobold hits your quokka with a +0 short sword of electrocution.
Lightning courses through your quokka!!
Your quokka dies!
Your quokka's corpse disappears in a puff of smoke!
Casting: Summon Small Mammal (safe; 2% risk of failure)
Confirm with . or Enter, or press ? or * to list all spells.
You swap places.
The kobold closely misses your quokka.
Your quokka closely misses the kobold.
The kobold hits your quokka with a +0 short sword of electrocution.
Lightning courses through your quokka!
Your quokka dies!
Your quokka's corpse disappears in a puff of smoke!
A ball python comes into view.
The ball python hisses angrily.
The ball python bites you but does no damage.
The ball python grabs you. The ball python constricts you.
You hit the ball python but do no damage.
The ball python bites you but does no damage.
The ball python constricts you.
You barely miss the ball python. The ball python barely misses you.
The ball python constricts you.
You barely miss the ball python. The ball python bites you.
The ball python constricts you.
You closely miss the ball python. The ball python barely misses you.
The ball python constricts you. The kobold hits you but does no damage.
You closely miss the ball python. The ball python bites you.
The ball python constricts you. The ball python completely misses you.
The ball python constricts you.
The kobold hits you with a +0 short sword of electrocution.
You die...

♣♣♣#.###..##
#.#.# ####.#
..# ##.#.#
..##.. .#
######.K..#
..##.# .
....>.....#
.<# .#
######.K.##
..# ##.## ###
#.#
#.#######.#
#...S@KK..#
.....########
###


You could see a ball python and 2 kobolds.

Vanquished Creatures (collateral kills)
  A bat (D:1)
  A frilled lizard (D:1)
2 creatures vanquished.

Notes
Turn   | Place    | Note
-------+----------+-------------------------------------------
     0 | D:1      | MachoJfn the Deep Elf Summoner began the quest for the Orb.
     0 | D:1      | Reached XP level 1. HP: 10/10 MP: 6/6
   133 | D:1      | Slain by a kobold

Illustrated notes

Levels and vault maps discovered:
D:1:      sevenhm_arrival_forest_fort_small_5, layout_loops_ring,
          chequers_serial_rivers_large_a, minmay_tromino_mix6

Action                     || total
---------------------------++-------
  Melee: Unarmed           ||     6
   Cast: Summon Small Mamm ||     9
 Armour: Robe              ||     3
  Dodge: Dodged            ||     5

Table legend: (Time is in decaauts)
 A = Elapsed time spent in this place.
 B = Non-inter-level travel time spent in this place.
 C = Inter-level travel time spent in this place.
 D = Time resting spent in this place.
 E = Time spent auto-exploring this place.
 F = Levels seen in this place.
 G = Mean time per level.
                   A        B        C        D        E       F      G
               +--------+--------+--------+--------+--------+-----+--------+
         Total |    133 |    133 |      0 |      0 |     74 |   1 |  133.0 |
       Dungeon |    133 |    133 |      0 |      0 |     74 |   1 |  133.0 |
               +--------+--------+--------+--------+--------+-----+--------+

Top non-repeatable levels by time:
     D:1: 133 daAuts
